 Dungeon Crawl Stone Soup version 0.30-a0-385-gfebfb9b408 (webtiles) character file.

Game seed: 16749109470509099253

312009 ragingrage the Stormcaller (level 21, -5/137 HPs)
             Began as a Tengu Air Elementalist on Dec 2, 2022.
             Was an Initiate of Gozag.
             Slain by a vault warden
             ... wielding a +1 great sword
              (39 damage)
             ... on level 4 of the Vaults on Dec 3, 2022.
             The game lasted 01:34:30 (77319 turns).

ragingrage the Stormcaller (TeAE)                  Turns: 77319, Time: 01:34:31

Health: -5/137     AC: 14    Str: 10    XL:     21   Next: 66%
Magic:  12/48      EV: 29    Int: 25    God:    Gozag
Gold:   8181       SH:  8    Dex: 22    Spells: 14/46 levels left

rFire   + . .      SeeInvis +    b - staff of air
rCold   + . .      Faith    .    t - +0 buckler of Slovenliness {Dex+7}
rNeg    . . .      Spirit   .    N - +3 leather armour {rF+}
rPois   +          Reflect  .    D - +2 hat
rElec   +          Harm     .    l - +2 cloak
rCorr   .          Rampage  .    r - +0 pair of gloves of Olusidd {rC+}
Will    +....                    (boots unavailable)
Stlth   ++........               (no amulet)
HPRegen 0.42/turn                I - ring of Kulo {rPois SInv}
MPRegen 0.31/turn                C - ring of magical power

@: flying quickly and evasively, studying Long Blades, quick
A: beak, talons 3, nimble flight
}: 1/15 runes: decaying
a: Renounce Religion, Potion Petition, Call Merchant, Bribe Branch


You were on level 4 of the Vaults.
You worshipped Gozag.
Gozag was greatly pleased with you.
You visited 8 branches of the dungeon, and saw 37 of its levels.
You also visited: Bailey and Gauntlet.

You collected 15655 gold pieces.
You spent 1055 gold pieces at shops.
You paid 6419 gold pieces to Gozag.

Inventory:

Missiles
 G - 10 curare-tipped darts
Armour
 l - a +2 cloak (worn)
 r - the +0 pair of gloves of Olusidd (worn) {rC+}
   (You found it in a Gauntlet)

   rC:        It protects you from cold.
 t - the +0 buckler of Slovenliness (worn) {Dex+7}
   (You acquired it on level 15 of the Dungeon)

   Dex:       It affects your dexterity (+7).
 D - a +2 hat (worn)
 N - a +3 leather armour of fire resistance (worn)
Magical Staves
 b - a staff of air (weapon)
Jewellery
 A - the ring "Diwe" {Will+ Int+2 Dex+2 Slay+3}
   (You took it off a deep elf death mage on level 3 of the Elven Halls)

   [ring of willpower]

   Int:       It affects your intelligence (+2).
   Dex:       It affects your dexterity (+2).
   Slay:      It affects your accuracy & damage with ranged weapons and melee
   (+3).
   Will:      It increases your willpower.
 C - a ring of magical power (right hand)
 I - the ring of Kulo (left hand) {rPois SInv}
   (You found it in a Gauntlet)

   [ring of see invisible]

   rPois:     It protects you from poison.
   SInv:      It lets you see invisible.
 P - a ring of protection from fire
 V - a ring of protection from cold
Wands
 f - a wand of iceblast (10)
 x - a wand of mindburst (4)
 M - a wand of acid (7)
 S - a wand of flame (42)
 T - a wand of paralysis (33)
 U - a wand of polymorph (15)
 Z - a wand of digging (7)
Scrolls
 c - 10 scrolls of fear
 d - 2 scrolls of vulnerability
 e - 6 scrolls of summoning
 k - 8 scrolls of immolation
 n - 7 scrolls of teleportation
 o - 8 scrolls of blinking
 p - 6 scrolls of silence
 u - 12 scrolls of enchant weapon
 B - 9 scrolls of amnesia
 H - 10 scrolls of enchant armour
 O - 3 scrolls of butterflies
 X - 3 scrolls of magic mapping
 Y - 4 scrolls of poison
Potions
 g - 4 potions of brilliance
 h - 17 potions of heal wounds
 j - 5 potions of ambrosia
 m - 6 potions of berserk rage
 q - 3 potions of cancellation
 s - 11 potions of curing
 v - 8 potions of might
 w - 5 potions of lignification
 y - 9 potions of magic
 z - 6 potions of invisibility
 E - 4 potions of haste
 F - 8 potions of attraction
 J - 3 potions of resistance
 K - 9 potions of mutation
Miscellaneous
 a - a box of beasts (inert)
 i - a phial of floods
 L - a condenser vane (inert)
 Q - a tin of tremorstones (2/2)
 R - a lightning rod (4/4)
 W - a phantom mirror


   Skills:
 + Level 16.3 Fighting
 - Level 2.6 Ranged Weapons
 + Level 9.2 Armour
 + Level 16.6 Dodging
 - Level 2.0 Stealth
 - Level 11.0 Shields
 + Level 13.4 Spellcasting
 - Level 20.0 Conjurations
 - Level 3.0 Translocations
 - Level 20.0 Air Magic
 + Level 11.3 Evocations


You had 14 spell levels left.
You knew the following spells:

 Your Spells              Type           Power      Damage    Failure   Level
a - Iskenderun's Battles  Conj           86%        2d13      1%          5
b - Blink                 Tloc           62%        N/A       2%          2
c - Swiftness             Air            100%       N/A       0%          3
d - Airstrike             Air            54%        2d(8-24)  0%          4
e - Sublimation of Blood  Necr           16%        N/A       8%          2
f - Arcjolt               Conj/Air       54%        1d64      1%          5
g - Lightning Bolt        Conj/Air       54%        1d75      1%          5
h - Irradiate             Conj/Tmut      30%        3d21      2%          5
i - Shock                 Conj/Air       100%       1d9       0%          1

Your spell library contained the following spells:

 Spells                   Type           Power      Damage    Failure   Level
 Static Discharge         Conj/Air       100%       2-7/arc   0%          2
 Foxfire                  Conj/Fire      100%       2x1d9     1%          1
 Hailstorm                Conj/Ice       61%        3d13      1%          3
 Stone Arrow              Conj/Erth      100%       3d13      1%          3
 Vhi's Electric Charge    Tloc/Air       100%       N/A       1%          3
 Freezing Cloud           Conj/Ice/Air   45%        6-21      1%          5
 Fireball                 Conj/Fire      30%        3d13      2%          5
 Freeze                   Ice            64%        1d7       5%          1
 Sandblast                Erth           32%        2d9       5%          1
 Slow                     Hex            64%        N/A       5%          1
 Passwall                 Tmut/Erth      13%        N/A       8%          2
 Wereblood                Tmut           16%        N/A       8%          2
 Iron Shot                Conj/Erth      30%        9d6       13%         6
 Starburst                Conj/Fire      30%        6d9       13%         6
 Confusing Touch          Hex            16%        N/A       16%         3
 Frozen Ramparts          Ice            32%        1d5       16%         3
 Ignite Poison            Fire/Tmut/Pois 16%        N/A       16%         3
 Ozocubu's Armour         Ice            16%        N/A       16%         3
 Vampiric Draining        Necr           16%        2d7       16%         3
 Manifold Assault         Tloc           31%        N/A       16%         4
 Ice Form                 Ice/Tmut       16%        N/A       45%         4
 Leda's Liquefaction      Hex/Erth       8%         N/A       45%         4
 Petrify                  Tmut/Erth      16%        N/A       45%         4
 Summon Ice Beast         Ice/Summ       16%        N/A       45%         4
 Spellforged Servitor     Conj/Summ      30%        N/A       58%         7
 Storm Form               Tmut/Air       39%        N/A       58%         7
 Alistair's Intoxication  Tmut/Pois      10%        N/A       82%         5
 Lee's Rapid Deconstruct  Erth           8%         3d7*      82%         5
 Dispersal                Tloc           15%        N/A       93%         6
 Eringya's Noxious Bog    Tmut/Pois      8%         N/A       100%        6
 Statue Form              Tmut/Erth      10%        N/A       100%        6
 Malign Gateway           Summ/Tloc      12%        N/A       100%        7
 Ozocubu's Refrigeration  Ice            8%         4d9       100%        7
 Summon Hydra             Summ           8%         N/A       100%        7
 Disjunction              Tloc           15%        N/A       100%        8
 Summon Horrible Things   Summ           8%         N/A       100%        8
 Polar Vortex             Ice            8%         N/A       100%        9
 Simulacrum               Ice/Necr       Unusable   N/A       N/A         6

Dungeon Overview and Level Annotations

Branches:
Dungeon (15/15)            Temple (1/1) D:7            Lair (5/5) D:10
  Swamp (4/4) Lair:3       Spider (3/4) Lair:3        Slime (0/5) Lair:4
    Orc (2/2) D:9             Elf (3/3) Orc:2        Vaults (4/5) D:14
  Crypt (0/3) Vaults:2     Depths (0/4) D:15         Bailey (visited)
Gauntlet (visited)

Altars:
Ashenzari
Cheibriados
Dithmenos
Elyvilon
Fedhas
Gozag
Hepliaklqana
Kikubaaqudgha
Makhleb
Nemelex Xobeh
Okawaru
Qazlal
Ru
Sif Muna
Trog
Uskayaw
Vehumet
Wu Jian
Xom
Yredelemnul
Zin
The Shining One
Jiyva

Shops:
D:3 (   D:9 *(   D:14 *=*!   Orc:2 ?:??   Elf:1 !   Vaults:1 [   Vaults:2 !
Vaults:4 ?

Annotations:
Swamp:2 1 runed translucent door, Naistiu's ghost, adept DESu
Spider:2 2 transporters, Louise
Elf:2 3 runed translucent doors


Innate Abilities, Weirdness & Mutations

You have a beak for a mouth.
You have claws for feet.
Your magical nature lets you fly swiftly and evasively.


Message History

5 humans and a redback come into view.
A vault sentinel is wielding a +0 vampiric falchion.
The ironbound frostheart shouts!
The vault guard shouts!
A vault guard comes into view. It is wielding a +0 broad axe.
A redback comes into view.
There is an open door here.
Things that are here:
14 gold pieces; a +0 dire flail; a +0 animal skin You see here 7 gold pieces.
The runic seal fades away.
You see here a +0 mace.
An ironbound convoker comes into view. It is wielding a +0 flail.
The ironbound convoker shouts!
The ironbound convoker begins to recite a word of recall!
The vault guard shouts!
You reach down and open the door.
The vault warden is recalled.
The ironbound frostheart is recalled.
A vault warden comes into view. It is wielding a +1 great sword.
You block the vault warden's attack.
A yaktaur comes into view.
You block the vault warden's attack.
The ironbound frostheart calls freezing cold from the walls.
The frost grips you. You resist.
You are encased in ice.
There is an open door here.
The vault warden barely misses you.
Something unseen opens the large door.
The vault warden attacks as you move away!
The vault warden hits you with a +1 great sword!!
The vault warden attacks as you move away!
You block the vault warden's attack. The ice encasing you melts away.
The vault warden activates a sealing rune.
The doors slam shut!
The wizard casts a spell.
The wizard blinks!
The vault warden hits you with a +0 vorpal war axe!!
* * * LOW HITPOINT WARNING * * *
The vault warden hits you with a +1 great sword!!!
You die...
Your body crumbles into a pile of gold.

#....∩...# ........p.
######..##....# ###########B#
.....#..##..### #.......p...#
.....#......# #....)sYGY..#
.....#.....)########..###+###$.#
.....'......#......#Yp+.#.# +..#
#....#......#......'s§##### #Y.#
'##..#......+...ppY#..'.# +..#
##'###......#...@..#.B### #..#
..####......#......#pp'. +..#
....##......#......#p.###+###..#
..).##......+......+.pc..Y.....#
....##......#......+.....G.....#
....##......#......#+###########
###)#########.....^+.. #...#
#......#.. #...# ....#.


You could see 2 dire elephants, 2 vault wardens, a vault guard and a redback.

Vanquished Creatures
  Arachne (Spider:2)
  Jorgrun (D:14)
  Rupert (D:13)
  2 deep elf blademasters (Elf:3)
  2 deep elf master archers (Elf:3)
  Frances (Swamp:1)
  A sphinx (Vaults:2)
  A tengu reaver (Vaults:2)
  2 thorn hunters
  2 shadow dragons (Vaults:2)
  Roxanne (Spider:2)
  2 frost giants (Vaults:2)
  10 vault wardens
  A fenstrider witch (Swamp:2)
  A fire giant (Vaults:2)
  2 deep elf sorcerers
  2 orc warlords (Vaults:3)
  2 ghouls (Swamp:3)
  A broodmother (Spider:1)
  9 very ugly things
  6 deep elf elementalists (Elf:3)
  2 war gargoyles
  7 ironbound thunderhulks
  3 stone giants
  3 deep elf demonologists
  14 ironbound preservers
  11 deep elf annihilators (Elf:3)
  The ghost of Hoerefyi the Grappler, a journeyman TrBe of Trog (D:12)
  A bunyip (Swamp:3)
  9 dire elephants
  4 eleionomae
  A minotaur (Gauntlet)
  Azrael (D:12)
  An ettin (Vaults:2)
  A quicksilver dragon zombie (Vaults:1)
  8 deep elf death magi
  6 entropy weavers
  7 deep elf high priests
  5 great orbs of eyes
  5 yaktaur captains
  Erolcha (D:9)
  A servant of whispers (Vaults:3)
  Fannar (D:9)
  14 vault guards
  11 hydras
  5 ice dragons
  8 ironbound frosthearts
  13 centaur warriors
  A two-headed ogre (shapeshifter) (Elf:2)
  A death knight (Vaults:2)
  3 ghost crabs (Swamp:2)
  3 catoblepae
  8 boulder beetles
  7 dancing weapons
  3 two-headed ogres
  Urug (D:11)
  6 alligators
  2 tengu warriors
  3 deep troll earth magi
  13 deep elf knights
  9 skeletal warriors
  28 deep trolls
  A pharaoh ant (Spider:1)
  8 goliath frogs
  5 spriggan druids
  3 orb spiders
  A glowing orange brain (Vaults:2)
  4 steelbarb worms
  15 deep elf archers
  An orange crystal statue (D:14)
  11 ironbound convokers
  3 swamp dragons
  5 lindwurms
  An obsidian statue (D:9)
  8 harpies
  3 bog bodies (Swamp:1)
  A wolf spider zombie (D:15)
  3 necromancers
  14 orc knights
  5 wizards
  24 deep elf pyromancers
  5 wolf spiders
  Pikel (D:6)
  16 deep elf zephyrmancers
  An orc sorcerer (D:15)
  18 ugly things
  2 will-o-the-wisps
  6 cyclopes
  3 manticores
  4 black mambas
  6 elephants (Lair:3)
  2 moths of wrath
  16 vault sentinels
  A guardian serpent (Vaults:2)
  Maurice (D:13)
  Joseph (D:9)
  An ice statue (Lair:2)
  8 cane toads
  3 centaur skeletons (D:15)
  Maggie (D:7)
  A torpor snail (Spider:2)
  2 gargoyles
  36 yaktaurs
  2 unseen horrors
  5 freezing wraiths
  3 demonic crawlers (Spider:2)
  7 komodo dragons
  2 tengu conjurers
  13 tarantellas
  2 elf skeletons (Vaults:1)
  A meliai (shapeshifter) (D:14)
  6 polar bears
  8 trolls
  3 tyrant leeches
  2 bloated husks (Swamp:1)
  2 saltlings (Vaults:3)
  A wolf spider simulacrum (D:15)
  Prince Ribbit (D:9)
  13 hornets
  11 dream sheep
  17 blink frogs
  17 slime creatures
  4 shadows
  15 jumping spiders
  6 culicivoras
  23 spriggans
  13 yaks
  6 wraiths
  3 water elementals
  An air elemental (Elf:2)
  8 basilisks
  Eustachio (D:4)
  25 redbacks
  A vampire (D:13)
  2 wyverns
  A steam dragon (D:9)
  9 fire elementals
  18 vampire mosquitoes
  2 swamp worm simulacra (Swamp:4)
  Edmund (D:6)
  2 wargs (Orc:1)
  18 swamp worms
  3 acid dragons
  2 hell hounds (D:12)
  Duvessa (D:7)
  12 water moccasins
  42 orc warriors
  15 hydra simulacra (Swamp:4)
  A glowing shapeshifter skeleton (Vaults:1)
  3 swamp drakes
  8 black bears
  5 ice beasts (Lair:2)
  6 ogres (Orc:2)
  13 boggarts
  26 wolves
  32 centaurs
  2 lemures (D:6)
  A phantom (D:3)
  A kobold brigand (D:8)
  Blork the orc (D:6)
  6 bullfrogs
  A gnoll sergeant (D:10)
  5 scorpions
  An earth elemental (Elf:2)
  A human skeleton (Vaults:1)
  3 necrophages (Swamp:3)
  Dowan (D:7)
  13 wights
  17 killer bees
  4 howler monkeys
  3 troll skeletons (Swamp:1)
  7 electric eels
  A crimson imp (D:5)
  7 jellies
  A hound (shapeshifter) (D:15)
  2 hounds
  Crazy Yiuf (D:7)
  15 orc priests
  A gnoll bouda (D:7)
  An iguana (D:7)
  19 orc wizards
  12 gnolls
  10 adders
  A shadow imp (D:8)
  3 white imps
  6 swamp drake simulacra (Swamp:4)
  An ufetubus (D:7)
  3 worms
  5 dart slugs
  86 orcs
  8 ball pythons
  5 endoplasms
  3 giant cockroaches
  9 goblins
  10 hobgoblins
  4 jackals (D:1)
  10 kobolds
  4 quokkas
  3 training dummies (D:9)
  13 bats
  3 frilled lizards
  4 rats
1296 creatures vanquished.

Vanquished Creatures (collateral kills)
  A curse skull (Vaults:2)
  A wraith (Vaults:2)
2 creatures vanquished.

Vanquished Creatures (others)
  A peacekeeper (Vaults:2)
  A bloated husk (Swamp:4)
  3 hornets (Swamp:4)
  3 spriggans (Swamp:4)
  A swamp worm (Swamp:4)
  An electric eel (D:12)
  7 demonic plants (Gauntlet)
  6 foxfires
  47 fungi
  35 plants
  3 toadstools (D:7)
108 creatures vanquished.

Grand Total: 1406 creatures vanquished

Notes
Turn   | Place    | Note
-------+----------+-------------------------------------------
     0 | D:1      | ragingrage the Tengu Air Elementalist began the quest for
                  | the Orb.
     0 | D:1      | Reached XP level 1. HP: 10/10 MP: 4/4
    92 | D:1      | Reached XP level 2. HP: 15/15 MP: 0/6
   369 | D:1      | Learned a level 2 spell: Static Discharge
  1051 | D:2      | Reached skill level 5 in Air Magic
  1051 | D:2      | Reached XP level 3. HP: 13/19 MP: 1/7
  1583 | D:2      | Reached XP level 4. HP: 22/24 MP: 8/8
  2036 | D:2      | Learned a level 3 spell: Swiftness
  2181 | D:3      | Found a sacrificial altar of Ru.
  2623 | D:3      | Found Eceaptur's Antique Weapon Boutique.
  2631 | D:3      | Bought a glowing sling for 112 gold pieces
  2639 | D:3      | Noticed a scorpion
  2805 | D:3      | Killed a scorpion
  2806 | D:3      | Gained mutation: Your magical nature lets you fly swiftly
                  | and evasively. [Tengu growth]
  2806 | D:3      | Reached XP level 5. HP: 28/28 MP: 9/9
  2825 | D:3      | Found a faded altar of an unknown god.
  3090 | D:3      | Reached XP level 6. HP: 15/32 MP: 10/10
  3587 | D:3      | Reached skill level 5 in Conjurations
  3845 | D:4      | Reached XP level 7. HP: 36/36 MP: 11/11
  3870 | D:4      | Learned a level 4 spell: Airstrike
  4265 | D:4      | Noticed Eustachio
  4271 | D:4      | Killed Eustachio
  4272 | D:4      | Reached skill level 1 in Fighting
  4446 | D:4      | Found a stormy altar of Qazlal.
  4504 | D:5      | Entered Level 5 of the Dungeon
  4559 | D:5      | Reached skill level 1 in Ranged Weapons
  4559 | D:5      | Reached XP level 8. HP: 44/44 MP: 12/12
  5330 | D:6      | Reached skill level 10 in Air Magic
  5581 | D:6      | Reached skill level 5 in Dodging
  5732 | D:6      | Noticed Blork the orc
  5747 | D:6      | Killed Blork the orc
  5866 | D:6      | Reached XP level 9. HP: 52/52 MP: 9/13
  6003 | D:6      | Found a white marble altar of Elyvilon.
  6202 | D:6      | Noticed Pikel
  6305 | D:6      | Killed Pikel
  6306 | D:6      | Reached skill level 5 in Fighting
  6615 | D:6      | Noticed Edmund
  6733 | D:6      | Killed Edmund
  7091 | D:7      | Found a flagged portal.
  7237 | Bailey   | Entered a bailey
  7263 | Bailey   | Learned a level 2 spell: Sublimation of Blood
  7483 | Bailey   | Noticed an orc knight
  7490 | Bailey   | Noticed an orc knight
  7538 | Bailey   | Killed an orc knight
  7539 | Bailey   | Reached XP level 10. HP: 61/61 MP: 1/14
  7697 | Bailey   | Killed an orc knight
  7787 | Bailey   | Noticed an orc knight
  7794 | Bailey   | Killed an orc knight
  7899 | Bailey   | Noticed an orc knight
  7903 | Bailey   | Killed an orc knight
  8338 | Bailey   | Noticed an orc knight
  8338 | Bailey   | Noticed an orc knight
  8350 | Bailey   | Killed an orc knight
  8523 | Bailey   | Killed an orc knight
  8649 | D:7      | Found a staircase to the Ecumenical Temple.
  8855 | Temple   | Entered the Ecumenical Temple
  9021 | Temple   | Became a worshipper of Gozag Ym Sagoz the Greedy
  9086 | D:7      | Noticed Maggie
  9114 | D:7      | Killed Maggie
  9539 | D:7      | Found a runed translucent door.
  9540 | D:7      | Noticed Crazy Yiuf
  9662 | D:7      | Reached XP level 11. HP: 68/68 MP: 16/16
  9786 | D:7      | Noticed Dowan
  9788 | D:7      | Killed Dowan
  9788 | D:7      | Noticed Duvessa
  9791 | D:7      | Killed Duvessa
 10263 | D:7      | Killed Crazy Yiuf
 10336 | D:8      | Noticed a two-headed ogre
 10340 | D:8      | Killed a two-headed ogre
 10838 | D:8      | Found a broken altar of Ashenzari.
 12107 | D:9      | Noticed Erolcha
 12443 | D:9      | Found Ytaqant's Firing Range.
 12467 | D:9      | Noticed Joseph
 12472 | D:9      | Killed Joseph
 12615 | D:9      | Found a staircase to the Orcish Mines.
 12619 | D:9      | Bought a throwing net for 33 gold pieces
 12639 | D:9      | Found a sparkling altar of Nemelex Xobeh.
 12840 | D:9      | Noticed Prince Ribbit
 12842 | D:9      | Killed Prince Ribbit
 12879 | D:9      | Killed Erolcha
 12880 | D:9      | Reached skill level 10 in Dodging
 12986 | D:9      | Found Xahidgh's Assorted Antiques.
 13003 | D:9      | Bought a runed hat for 161 gold pieces
 13248 | D:9      | Learned a level 5 spell: Arcjolt
 13430 | D:9      | Noticed an obsidian statue
 13438 | D:9      | Killed an obsidian statue
 14139 | D:10     | Entered Level 10 of the Dungeon
 14306 | D:10     | Found a staircase to the Lair.
 14895 | D:10     | Reached skill level 5 in Spellcasting
 15856 | D:11     | Found a gate leading to a gauntlet.
 15857 | D:11     | Noticed Urug
 15862 | D:11     | Killed Urug
 15863 | D:11     | Reached XP level 12. HP: 72/76 MP: 4/21
 16010 | Gauntlet | Entered a Gauntlet
 16010 | Gauntlet | Noticed an entropy weaver
 16010 | Gauntlet | Found a transporter.
 16010 | Gauntlet | Found a transporter.
 16019 | Gauntlet | Noticed a cacodemon
 16020 | Gauntlet | Found a transporter.
 16021 | Gauntlet | Found a transporter.
 16029 | Gauntlet | an entropy weaver changed into a yaktaur
 16032 | Gauntlet | Found a transporter.
 16035 | Gauntlet | Found a transporter.
 16039 | Gauntlet | Found a large runed translucent door.
 16039 | Gauntlet | Found a large runed translucent door.
 16040 | Gauntlet | Found a large runed translucent door.
 16040 | Gauntlet | Found a large runed translucent door.
 16041 | Gauntlet | Found a large runed translucent door.
 16041 | Gauntlet | Found a large runed translucent door.
 16041 | Gauntlet | Found a large runed translucent door.
 16041 | Gauntlet | Found a large runed translucent door.
 16042 | Gauntlet | Found a runed translucent door.
 16058 | Gauntlet | Found a transporter.
 16062 | Gauntlet | Noticed a dire elephant
 16078 | Gauntlet | Found a runed translucent gate.
 16079 | Gauntlet | Found a transporter.
 16079 | Gauntlet | Found a runed translucent gate.
 16080 | Gauntlet | Found a runed translucent gate.
 16081 | Gauntlet | Found a large runed translucent door.
 16082 | Gauntlet | Found a large runed translucent door.
 16083 | Gauntlet | Found a large runed translucent door.
 16090 | Gauntlet | Found a large runed translucent door.
 16092 | Gauntlet | Found a large runed translucent door.
 16092 | Gauntlet | Found a large runed translucent door.
 16092 | Gauntlet | Found a runed translucent door.
 16093 | Gauntlet | Found a large runed translucent door.
 16094 | Gauntlet | Found a large runed translucent door.
 16096 | Gauntlet | Found a transporter.
 16104 | Gauntlet | Found a transporter.
 16122 | Gauntlet | Found a transporter.
 16174 | Gauntlet | Found a transporter.
 16264 | Gauntlet | Identified the +0 pair of gloves of Olusidd {rC+}
 16315 | Gauntlet | Identified the ring of Kulo {rPois SInv}
 16542 | Gauntlet | Learned a level 5 spell: Lightning Bolt
 16543 | Gauntlet | Noticed a minotaur
 16545 | Gauntlet | Killed a minotaur
 16546 | Gauntlet | Reached skill level 15 in Air Magic
 16551 | Gauntlet | Identified the +9 war axe of the Silent Majority {flame,
                  | Will+ Str+3 Int+4 Stlth-}
 16551 | Gauntlet | Identified the +2 flail of Ambiguity {spect, rC+}
 16807 | D:11     | Noticed a boulder beetle
 16998 | D:11     | Killed a boulder beetle
 17968 | D:12     | Reached skill level 10 in Fighting
 17968 | D:12     | Reached skill level 1 in Armour
 17968 | D:12     | Reached skill level 1 in Shields
 18191 | D:12     | Noticed Azrael
 18209 | D:12     | Noticed Hoerefyi's ghost (journeyman TrBe)
 18863 | D:12     | Found a runed translucent door.
 18902 | D:12     | Noticed a two-headed ogre
 18907 | D:12     | Killed a two-headed ogre
 20170 | D:13     | Noticed a tengu warrior
 20534 | D:12     | Killed Azrael
 20710 | D:12     | Killed Hoerefyi's ghost
 20935 | D:13     | Reached XP level 13. HP: 83/83 MP: 17/24
 21022 | D:13     | Noticed Maurice
 21025 | D:13     | Killed Maurice
 21135 | D:13     | Noticed Rupert
 21142 | D:13     | Killed Rupert
 22532 | D:14     | You are sucked into a shaft and drop 1 floor!
 22532 | D:15     | Entered Level 15 of the Dungeon
 22752 | D:15     | Reached skill level 10 in Conjurations
 22919 | D:15     | Reached skill level 5 in Armour
 22945 | D:15     | Reached skill level 1 in Evocations
 23489 | D:15     | Identified a scroll of acquirement
 23489 | D:15     | Acquired the +0 buckler of Slovenliness {Dex+7}
 23535 | D:15     | Reached skill level 5 in Shields
 23946 | D:15     | Reached XP level 14. HP: 90/90 MP: 19/26
 25250 | D:15     | Found a staircase to the Depths.
 25442 | D:14     | Noticed Jorgrun
 25574 | D:14     | Killed Jorgrun
 25875 | Lair:1   | Entered Level 1 of the Lair of Beasts
 26825 | Lair:1   | Learned a level 2 spell: Blink
 27937 | Lair:2   | Identified the ring "Rantatz" {Fly rPois rC- rCorr Dex+4}
 28951 | Lair:3   | Found a hole to the Spider Nest.
 28953 | Lair:3   | Reached skill level 1 in Translocations
 29442 | Lair:3   | Found a staircase to the Swamp.
 30417 | Lair:3   | Reached skill level 5 in Evocations
 30611 | Lair:4   | Found a hide-covered altar of Uskayaw.
 30611 | Lair:4   | Found an ornate altar of the Wu Jian Council.
 30818 | Lair:4   | Found a viscous altar of Jiyva.
 30818 | Lair:4   | Found a staircase to the Slime Pits.
 30934 | Lair:4   | Found a sparkling altar of Nemelex Xobeh.
 31416 | Lair:4   | Reached XP level 15. HP: 95/96 MP: 19/28
 32067 | Lair:5   | Entered Level 5 of the Lair of Beasts
 36242 | Orc:1    | Entered Level 1 of the Orcish Mines
 37562 | Orc:1    | Noticed Fannar
 37652 | D:9      | Killed Fannar
 38367 | Orc:1    | Learned a level 5 spell: Irradiate
 38387 | Orc:2    | Entered Level 2 of the Orcish Mines
 39948 | Orc:2    | Found a staircase to the Elven Halls.
 40624 | Orc:2    | Found Pinush's Magic Scroll Shop.
 40624 | Orc:2    | Found Gepaty's Book Emporium.
 40624 | Orc:2    | Found Degonir's Magic Scroll Shoppe.
 40627 | Orc:2    | Found Ykiangoi's Magic Scroll Boutique.
 40631 | Orc:2    | Bought a scroll of blinking for 97 gold pieces
 40631 | Orc:2    | Bought a scroll of magic mapping for 97 gold pieces
 40639 | Orc:2    | Bought a scroll of teleportation for 39 gold pieces
 40639 | Orc:2    | Bought a scroll of butterflies for 52 gold pieces
 41482 | D:14     | Found a gate to the Vaults.
 41709 | Swamp:1  | Entered Level 1 of the Swamp
 42123 | Swamp:1  | Reached XP level 16. HP: 103/103 MP: 15/30
 42123 | Swamp:1  | Reached XP level 17. HP: 108/108 MP: 15/31
 42284 | Swamp:1  | Noticed Frances
 42294 | Swamp:1  | Killed Frances
 42654 | Swamp:1  | Acquired a book of Power
 42662 | Swamp:1  | Learned a level 5 spell: Iskenderun's Battlesphere
 42743 | Swamp:1  | Identified the +6 dagger of Annoyance {vorpal, rF+ rC+}
 42943 | Swamp:1  | Reached skill level 10 in Spellcasting
 44454 | Swamp:2  | Found a runed translucent door.
 44454 | Swamp:2  | Noticed Naistiu's ghost (adept DESu)
 44708 | Swamp:2  | Identified the +9 plate armour "Cyrasab" {+Inv rN+++ Will-
                  | Str-2 SInv}
 46653 | Swamp:4  | Entered Level 4 of the Swamp
 49570 | Swamp:4  | Got a decaying rune of Zot
 49747 | Spider:1 | Entered Level 1 of the Spider Nest
 49866 | Spider:1 | Reached XP level 18. HP: 65/115 MP: 33/33
 52052 | Spider:2 | Found a transporter.
 52054 | Spider:2 | Found a transporter.
 52074 | Spider:2 | Noticed Louise
 52159 | Spider:2 | Reached skill level 10 in Shields
 52455 | Spider:2 | Noticed Roxanne
 52465 | Spider:2 | Killed Roxanne
 52574 | Spider:2 | Noticed Arachne
 52580 | Spider:2 | Killed Arachne
 53587 | Elf:1    | Entered Level 1 of the Elven Halls
 53771 | Elf:1    | Found Hang's Distillery.
 53781 | Elf:1    | Reached skill level 15 in Conjurations
 54008 | Elf:1    | Bought a potion of magic for 120 gold pieces
 54008 | Elf:1    | Bought a potion of invisibility for 120 gold pieces
 56587 | Elf:2    | Found a radiant altar of Vehumet.
 56592 | Elf:2    | Reached skill level 15 in Dodging
 58164 | Elf:2    | Reached XP level 19. HP: 122/122 MP: 31/35
 58295 | Elf:2    | Found a runed translucent gate.
 58296 | Elf:2    | Found a runed translucent gate.
 58296 | Elf:2    | Found a runed translucent gate.
 58398 | Elf:3    | Entered Level 3 of the Elven Halls
 59099 | Elf:3    | Identified the ring "Diwe" {Will+ Int+2 Dex+2 Slay+3}
 60294 | Elf:3    | Identified the +1 fire dragon scales "Daebrauf" {rPois rF++
                  | rC-}
 60632 | Elf:3    | Reached skill level 15 in Fighting
 60818 | Elf:3    | Identified the +8 shortbow "Mamp" {drain, rF+ Int-2 Dex+4}
 60819 | Elf:3    | Identified the ring "Puadeh" {Fire +Blink Int+4 SInv
                  | Stlth+}
 60879 | Elf:3    | Identified the +8 chain mail of Faimumext {-Tele Harm
                  | Str+2}
 61138 | Elf:3    | Identified the +7 plate armour "Moej Ygu" {rElec}
 61145 | Elf:3    | Identified the +6 dagger of the Eternal Void {freeze,
                  | Dex+5}
 62144 | Elf:3    | Got the Commentary on Torrid Direction
 62238 | Elf:3    | Found the +9 heavy crossbow "Sniper" {vorpal, Acc+∞ SInv}
 62854 | Vaults:1 | Entered Level 1 of the Vaults
 63400 | Vaults:1 | Found Sutofreb's Armour Emporium.
 64165 | Vaults:1 | You are sucked into a shaft and drop 1 floor!
 64867 | Vaults:2 | Reached XP level 20. HP: 67/129 MP: 9/37
 70247 | Vaults:2 | Reached skill level 10 in Evocations
 70482 | Vaults:2 | Got Sif Muna's Verses on Pollution
 70609 | Vaults:2 | Found a staircase to the Crypt.
 70842 | Vaults:2 | Found Vevami's Distillery.
 70854 | Vaults:2 | Bought a potion of brilliance for 64 gold pieces
 71481 | Vaults:3 | Paralysed by a great orb of eyes for 4 turns
 72712 | Vaults:3 | Reached XP level 21. HP: 133/136 MP: 27/38
 77181 | Vaults:4 | Found Eqybot's Magic Scroll Shop.
 77187 | Vaults:4 | Bought a scroll of butterflies for 80 gold pieces
 77187 | Vaults:4 | Bought a scroll of fear for 80 gold pieces
 77319 | Vaults:4 | Slain by a vault warden

Illustrated notes

Levels and vault maps discovered:
D:1:      nicolae_arrival_memento_mori, layout_rooms
D:2:      layout_basic, chequers_serial_rivers_large_b
D:3:      layout_rooms, mainiacjoe_overflow_tiny_flanked, serial_shops,
          nicolae_shop_stone, shapermc_ecumenical_altar_mp_urbaneastern,
          roderic_batcave, kennysheep_orc_chapel
D:4:      layout_loops_cross, overflow_temple_1_default, minivault_14,
          kennysheep_small_circle, uniq_eustachio
D:5:      layout_basic, minmay_fire_ice_demons
D:6:      layout_loops_ring, nicolae_elyvilon_temple_path, serial_rivers,
          chequers_serial_rivers_small_3, chequers_serial_rivers_small_3,
          chequers_serial_rivers_micro_e, chequers_serial_rivers_micro_a,
          chequers_serial_rivers_small_3, uniq_blork_the_orc, uniq_pikel,
          uniq_edmund
D:7:      layout_loops_cross, minmay_temple_entry_glass, enter_bailey_2,
          minmay_gold_behind_fungi, uniq_duvessa, uniq_maggie,
          uniq_crazy_yiuf_cottage
D:8:      layout_layer_cave, ashenzari_altar_1
D:9:      layout_basic, nemelex_xobeh_ov_fountains_minmay, orc_0_dummy,
          serial_shops, nicolae_shop_temple_entry_statues_fountains,
          minivault_15, nicolae_shop_firing_range, uniq_erolcha, uniq_joseph,
          uniq_prince_ribbit1
D:10:     layout_loops_ring, david_lair_generic
D:11:     layout_rooms, gauntlet_entry_generic, chequers_serial_rivers_micro_a,
          uniq_urug
D:12:     layout_basic, hellmonk_ghost_happy_afterlife,
          chequers_hall_statues_wall_a, uniq_azrael
D:13:     layout_rooms, uniq_rupert, uniq_maurice
D:14:     layout_cross, david_vaults_4, serial_column_ruins,
          column_ruins_hut_ruined, column_ruins_hut,
          column_ruins_columns_dead_end, column_ruins_grid_3,
          column_ruins_corridor_dead_end, column_ruins_columns_straight,
          chequers_serial_rivers_marsh, minivault_16, uniq_jorgrun
D:15:     grunt_enter_depths_magical_seal, layout_basic, minmay_strange_pillars
Temple:   nicolae_temple_bog_church
Lair:1:   layout_cave_pods, infiniplex_staircase_pool_2, lemuel_fruit_tree
Lair:2:   layout_long_grid, ice2_lemuel
Lair:3:   layout_hall_layers, minmay_swamp_entry_wisps, spider_nest_entry_a
Lair:4:   layout_hall_layers, minmay_slime_entry_pillars, basic_altar,
          st_stairs_3, nzn_masters_of_martial_movement
Lair:5:   minmay_lair_end_enchanted_forest, layout_regular_city, minivault_23,
          gammafunk_lair_bear_cave
Swamp:1:  layout_falls_marsh, hangedman_swamp_ruin_wall,
          cheibrodos_swamp_minitomb, uniq_frances
Swamp:2:  layout_basic_swamp, ebering_ghost_inner_flame,
          nicolae_swamp_dense_foliage
Swamp:3:  layout_basic_swamp, evilmike_swamp_ruin_house_2
Swamp:4:  swamp_icy, layout_basic_swamp
Spider:1: layout_spider_delve, nicolae_spider_eight_legs
Spider:2: gammafunk_boulding_lane, einodemon_crawler_minivault, uniq_roxanne,
          uniq_arachne, uniq_louise
Spider:3: layout_spider_delve, gammafunk_ghost_necromancy,
          nicolae_spider_twisty_arc_passages
Orc:1:    layout_diamond_mine, basic_altar, minmay_orc_keep, uniq_fannar
Orc:2:    st_orc_rangers, layout_diamond_mine
Elf:1:    elf_arrival_001, layout_loops_corners, serial_shops, shop_statue,
          hangedman_elf_disciples, minivault_20
Elf:2:    nicolae_elf_blades_crystal_corner, layout_onion_city, basic_altar,
          nicolae_concentric_dashed_squares_wild
Elf:3:    grunt_elf_hall_spiral, layout_geoelf_grid
Vaults:1: ontoclasm_vaults_pinch, nicolae_vaults_asterisk, v_misc_14,
          nicolae_vaults_mini_display_case, v_pattern_4, hangedman_vaults_locks,
          nicolae_vaults_back_hallway, v_misc_25,
          nicolae_vaults_twisting_passages, v_misc_11,
          ontoclasm_vaults_ring_square, v_misc_18, layout_vaults_omnicross,
          serial_shops, shop
Vaults:2: v_alt_pattern_6, hangedman_vaults_stream, st_greater_box_5, v_rooms_5,
          v_misc_4, minmay_crypt_entry_simple_statues,
          nicolae_vaults_inception_statues, grunt_vaults_diagonal,
          ontoclasm_vaults_idyll, vaults_room_grid, vaults_dpeg_encased_lava,
          nicolae_vaults_ring_of_whatevers, grunt_vaults_hallway_long,
          hangedman_vaults_capsules, nicolae_vaults_three_branches,
          layout_vaults_maze, serial_shops, nicolae_shop_waterfront
Vaults:3: portal_desolation_entry_nicolae_nacl, nicolae_vaults_an_arrangement,
          vaults_dpeg_diagonal, nicolae_vaults_network_s,
          nicolae_vaults_triangles, grunt_vaults_twisty,
          ontoclasm_vaults_ring_large, vaults_mumra_hexcomb,
          nicolae_vaults_ring_of_whatevers, nicolae_vaults_diagonal_hallway_8,
          layout_vaults_quadrants
Vaults:4: vaults_room_semicircle, v_rooms_4, v_misc_31, ontoclasm_vaults_fault,
          hangedman_vaults_hat, nicolae_vaults_quadrants,
          hangedman_vaults_variations, ontoclasm_vaults_chip,
          grunt_vaults_swirl, ontoclasm_vaults_idyll,
          nicolae_vaults_circle_grid_b, v_misc_24,
          nicolae_vaults_little_squares_6, layout_vaults_omnibox, serial_shops,
          nicolae_square_shop, nicolae_diamond_shop, shop,
          nicolae_shop_advertising_works [nicolae_subvault_shop_adworks]

Skill      XL: |  1  2  3  4  5  6  7  8  9 10 11 12 13 14 15 16 17 18 19 20 21 |
---------------+----------------------------------------------------------------+-----
Conjurations   | 2 3 4 5 7 9 10 11 12 13 14 15 20 | 20.0
Air Magic      | 5 6 7 8 9 10 12 13 14 15 16 17 19 20 | 20.0
Fighting       | 2 4 6 8 9 10 11 12 13 14 15 16 | 16.3
Dodging        | 3 5 7 9 10 11 12 13 14 15 16 | 16.6
Ranged Weapons | 1 2 |  2.6
Spellcasting   | 3 5 6 7 8 9 10 11 12 13 | 13.4
Armour         | 3 5 7 9 |  9.2
Shields        | 2 5 6 8 9 10 11 | 11.0
Evocations     | 2 5 6 7 8 9 10 11 | 11.3
Translocations | 2 3 |  3.0
Stealth        | |  2.0

Action                   |  1- 3 |  4- 6 |  7- 9 | 10-12 | 13-15 | 16-18 | 19-21 || total
-------------------------+-------+-------+-------+-------+-------+-------+-------++-------
Melee: Unarmed           |    22 |       |       |       |       |       |       ||    22
       Kick              |    10 |       |       |     3 |    16 |     3 |    22 ||    54
       Peck              |     5 |       |       |     2 |    10 |     2 |    14 ||    33
       Short sword       |     6 |       |       |       |       |       |       ||     6
       Staff             |       |       |       |     9 |    42 |    11 |    41 ||   103
 Fire: Sling             |       |    78 |   137 |    13 |    30 |       |       ||   258
Throw: Dart              |       |       |       |       |     2 |       |     4 ||     6
       Throwing net      |       |       |       |       |     1 |       |       ||     1
 Cast: Shock             |    64 |    55 |     4 |    23 |     4 |     3 |       ||   153
       Swiftness         |       |     1 |       |     2 |     1 |       |       ||     4
       Static Discharge  |       |     2 |       |     5 |       |       |       ||     7
       Airstrike         |       |       |    66 |   317 |   407 |    95 |    76 ||   961
       Lightning Bolt    |       |       |       |    20 |   278 |   389 |   553 ||  1240
       Arcjolt           |       |       |       |     1 |    33 |    38 |    91 ||   163
       Iskenderun's Batt |       |       |       |       |       |    25 |       ||    25
       Sublimation of Bl |       |       |       |       |       |       |     1 ||     1
Invok: Potion Petition   |       |       |       |     2 |       |     2 |     2 ||     6
       Call Merchant     |       |       |       |       |       |       |     4 ||     4
Evoke: Wand              |       |       |       |     1 |       |     3 |     2 ||     6
       Tin of tremorston |       |       |       |       |     1 |     3 |     2 ||     6
       Phantom mirror    |       |       |       |       |       |       |     2 ||     2
       Box of beasts     |       |       |       |       |       |       |     2 ||     2
       Condenser vane    |       |       |       |       |       |       |     2 ||     2
  Use: Scroll            |       |       |       |    16 |    14 |     1 |     4 ||    35
       Potion            |       |       |       |     2 |       |     1 |       ||     3
Armor: Robe              |     5 |    14 |     6 |       |     2 |    12 |     1 ||    40
       Leather armour    |       |       |    18 |     9 |    25 |       |    46 ||    98
       Acid dragon scale |       |       |       |     4 |       |       |       ||     4
       Ring mail         |       |       |       |    13 |       |       |       ||    13
Dodge: Dodged            |    15 |    23 |    56 |    88 |   197 |   147 |   268 ||   794
Block: Buckler           |       |       |       |     4 |    81 |    44 |    94 ||   223

Table legend: (Time is in decaauts)
 A = Elapsed time spent in this place.
 B = Non-inter-level travel time spent in this place.
 C = Inter-level travel time spent in this place.
 D = Time resting spent in this place.
 E = Time spent auto-exploring this place.
 F = Levels seen in this place.
 G = Mean time per level.
                   A        B        C        D        E       F      G
               +--------+--------+--------+--------+--------+-----+--------+
         Total |  74729 |  71054 |   3675 |  32201 |  29695 |  39 | 1916.1 |
       Dungeon |  25665 |  23677 |   1988 |   8667 |  11959 |  15 | 1711.0 |
        Temple |    157 |    124 |     33 |      0 |    112 |   1 |  157.0 |
          Lair |  11368 |  10953 |    415 |   4390 |   5488 |   5 | 2273.6 |
         Swamp |   7195 |   7008 |    187 |   3478 |   2800 |   4 | 1798.8 |
   Spider Nest |   2879 |   2786 |     93 |   1418 |    933 |   3 |  959.7 |
  Orcish Mines |   3387 |   3138 |    249 |   1812 |    946 |   2 | 1693.5 |
   Elven Halls |   8852 |   8345 |    507 |   4783 |   2485 |   3 | 2950.7 |
        Vaults |  13383 |  13183 |    200 |   6983 |   4450 |   4 | 3345.8 |
        Bailey |   1357 |   1357 |      0 |    524 |    380 |   1 | 1357.0 |
      Gauntlet |    483 |    483 |      0 |    143 |    138 |   1 |  483.0 |
               +--------+--------+--------+--------+--------+-----+--------+

Top non-repeatable levels by time:
Vaults:2: 5953 daAuts
   Elf:3: 3595 daAuts
  Lair:5: 3592 daAuts
Vaults:1: 3265 daAuts
    D:12: 3209 daAuts
    D:15: 3024 daAuts
  Lair:3: 2986 daAuts
     D:9: 2789 daAuts
   Elf:1: 2753 daAuts
Vaults:3: 2708 daAuts
 Swamp:3: 2562 daAuts
   Elf:2: 2503 daAuts
     D:8: 2166 daAuts
   Orc:1: 2161 daAuts
 Swamp:4: 1832 daAuts
